Map: Neon Violet Square LE

Players

Stats - Winner!

  • Race: Protoss Protoss
  • League: Master
  • Spawn Location: 5:00

aLive

  • Race: Terran Terran
  • Spawn Location: 11:00

Event: HomeStory Cup XVI

VOD

Have the link to the VOD?

Description

Time

  • Played on: Nov. 12, 2017, 9:51 a.m.
  • Length: 12:20

All games in this series

Show
View Real Time Build Order
Export as new Build Order

Stats Protoss - Winner!

Build Orders: 1 Gate Expand, Oracle Opening 

Get SALT Encoding   

  12  0:02  Probe (Chrono Boost)  
  14  0:14  Probe (Chrono Boost)  
  14  0:19  Pylon  
  14  0:26  Probe (Chrono Boost)  
  15  0:33  Probe (Chrono Boost)  
  15  0:39  Gateway  
  15  0:41  Probe (Chrono Boost)  
  16  0:46  Assimilator  
  17  0:53  Probe (Chrono Boost)  
  18  1:01  Probe (Chrono Boost)  
  19  1:07  Probe (Chrono Boost)  
  20  1:23  Nexus  
  20  1:35  Cybernetics Core  
  20  1:39  Probe (Chrono Boost)  
  21  1:43  Assimilator  
  21  1:51  Probe (Chrono Boost)  
  21  1:53  Pylon  
  22  2:02  Stalker  
  22  2:03  Probe (Chrono Boost)  
  26  2:15  Probe (Chrono Boost)  
  26  2:18  Stargate  
  26  2:27  Warp Gate, Probe (Chrono Boost)  
  28  2:37  Probe (Chrono Boost)  
  28  2:39  Stalker  
  28  2:40  Probe (Chrono Boost)  
  31  2:44  Oracle  
  31  2:49  Probe (Chrono Boost)  
  33  2:52  Probe (Chrono Boost)  
  33  3:01  Probe (Chrono Boost)  
  33  3:04  Probe (Chrono Boost)  
  38  3:09  Pylon  
  39  3:13  Probe (Chrono Boost)  
  39  3:15  Stalker  
  39  3:16  Probe (Chrono Boost)  
  42  3:25  Probe (Chrono Boost)  
  44  3:28  Probe (Chrono Boost)  
  44  3:39  Oracle  
  44  3:40  Probe (Chrono Boost)  
  44  3:41  Probe (Chrono Boost)  
  39  3:53  Probe x2 (Chrono Boost)  
  41  4:05  Probe x2 (Chrono Boost)  
  41  4:06  Phoenix  
  47  4:17  Probe x2 (Chrono Boost)  
  47  4:25  Pylon  
  47  4:29  Probe x2 (Chrono Boost)  
  49  4:32  Stalker  
  49  4:35  Assimilator x2  
  49  4:36  Twilight Council  
  51  4:41  Probe x2 (Chrono Boost)  
  53  4:51  Blink  
  55  4:53  Probe x2 (Chrono Boost)  
  55  5:05  Probe x2 (Chrono Boost)  
  57  5:08  Stalker  
  57  5:09  Gateway  
  57  5:11  Nexus  
  57  5:12  Gateway  
  57  5:13  Pylon  
  59  5:21  Probe x2 (Chrono Boost)  
  61  5:30  Shield Battery  
  61  5:31  Pylon  
  61  5:33  Probe x2 (Chrono Boost)  
  61  5:34  Sentry  
  65  5:44  Forge  
  65  5:49  Probe x2 (Chrono Boost)  
  67  5:50  Protoss Ground Weapons Level 1  
  67  5:59  Gateway, Sentry  
  67  6:00  Gateway  
  71  6:04  Probe x2 (Chrono Boost)  
  68  6:18  Stalker x2  
  68  6:25  Probe x3 (Chrono Boost)  
  72  6:29  Stalker  
  74  6:37  Shield Battery  
  74  6:38  Shield Battery, Probe x3 (Chrono Boost)  
  77  6:40  Pylon  
  77  6:50  Probe x3 (Chrono Boost)  
  80  6:55  Stalker x2  
  80  6:59  Adept, Sentry, Pylon  
  80  7:00  Adept  
  90  7:02  Pylon  
  90  7:05  Probe x2 (Chrono Boost)  
  90  7:06  Probe (Chrono Boost)  
  93  7:09  Robotics Facility  
  93  7:12  Resonating Glaives  
  93  7:24  Adept x2  
  93  7:25  Adept x2  
  96  7:34  Pylon  
  93  7:42  Protoss Ground Weapons Level 2  
  88  7:48  Adept x3  
  89  7:52  Pylon  
  89  7:54  Pylon  
  89  7:56  Observer  
  86  8:01  Probe x2 (Chrono Boost)  
  86  8:02  Probe (Chrono Boost), Pylon  
  86  8:03  Pylon  
  86  8:05  Robotics Bay  
  90  8:17  Observer  
  90  8:21  Adept x3  
  90  8:22  Adept x2  
  90  8:24  Probe (Chrono Boost)  
  90  8:25  Probe x2 (Chrono Boost)  
  104  8:33  Colossus  
  104  8:36  Assimilator, Probe (Chrono Boost)  
  104  8:37  Assimilator, Probe x2 (Chrono Boost)  
  110  8:49  Probe x3 (Chrono Boost)  
  110  8:50  Adept x5  
  110  8:54  Pylon  
  126  8:56  Pylon  
  126  8:58  Extended Thermal Lance  
  126  9:11  Forge  
  126  9:18  Colossus  
  126  9:19  Stalker x5  
  136  9:33  Protoss Ground Armor Level 1  
  131  9:38  Probe x2 (Chrono Boost)  
  131  9:39  Probe (Chrono Boost)  
  131  9:46  Adept  
  131  9:47  Adept x3  
  131  9:48  Adept  
  131  9:50  Probe (Chrono Boost)  
  131  9:51  Probe x2 (Chrono Boost)  
  144  10:02  Warp Prism  
  146  10:21  Adept  
  148  10:25  Pylon x2  
  148  10:26  Pylon  
  144  10:28  Pylon  
  144  10:29  Pylon  
  144  10:39  Colossus  
  146  10:43  Adept x3  
  146  10:44  Stalker x2  
  120  11:02  Probe x3 (Chrono Boost)  
  105  11:05  Stalker x3  
  99  11:16  Colossus  
  93  11:23  Sentry x2  
  96  11:29  Stalker, Sentry  
  96  11:30  Stalker  
  111  11:55  Probe x3 (Chrono Boost)  
  111  11:56  Stalker x4  
  111  11:58  Stalker  
Show
View Real Time Build Order
Export as new Build Order

aLive Terran 

Build Orders: Gas First Reaper Expand, Reaper Expand, MMM Bio 

Get SALT Encoding   

  12  0:00  SCV  
  13  0:13  SCV  
  14  0:17  Supply Depot  
  14  0:25  SCV  
  15  0:29  Refinery  
  15  0:39  SCV  
  16  0:45  Barracks  
  16  0:51  SCV  
  17  1:03  SCV  
  18  1:15  SCV  
  19  1:32  Reaper, Orbital Command  
  20  1:44  Command Center  
  20  1:55  Factory  
  20  1:59  SCV  
  21  2:05  Refinery  
  21  2:07  Barracks Reactor  
  21  2:11  SCV  
  22  2:16  Supply Depot  
  22  2:23  SCV  
  23  2:37  SCV  
  23  2:40  Starport  
  24  2:48  Hellion x2  
  24  2:50  SCV  
  29  2:56  Marine  
  30  3:09  Cyclone  
  33  3:13  Cyclone  
  33  3:14  SCV  
  33  3:15  Marine  
  38  3:21  Orbital Command  
  38  3:28  Viking  
  38  3:32  SCV  
  40  3:36  Marine  
  39  3:45  SCV  
  37  3:53  SCV  
  36  3:57  SCV  
  37  4:05  SCV  
  36  4:12  Widow Mine, Marine x2  
  36  4:14  SCV  
  41  4:17  Barracks x2, SCV  
  42  4:24  Bunker  
  42  4:31  Marine  
  45  4:34  Supply Depot  
  46  4:46  Marine  
  46  4:48  Factory Tech Lab  
  46  4:49  SCV, Starport Tech Lab  
  46  4:51  SCV  
  41  5:01  SCV  
  41  5:03  SCV  
  41  5:05  Marine x2  
  45  5:11  Engineering Bay  
  45  5:12  Factory Reactor  
  45  5:13  SCV, Starport Reactor  
  46  5:15  SCV  
  46  5:16  Combat Shields  
  46  5:17  Stimpack  
  47  5:24  Supply Depot  
  47  5:25  SCV, Marine x2  
  47  5:26  Marine  
  47  5:27  SCV, Marine  
  53  5:37  Supply Depot, SCV  
  53  5:38  Terran Infantry Weapons Level 1  
  54  5:46  SCV  
  54  5:47  Supply Depot  
  54  5:49  SCV  
  56  5:50  Marine x2  
  56  5:51  Marauder  
  56  5:54  Marauder  
  62  5:59  SCV  
  62  6:01  SCV  
  62  6:03  Supply Depot  
  64  6:04  Medivac x2  
  59  6:11  SCV  
  59  6:14  SCV  
  59  6:18  Marine x2  
  60  6:19  Marauder  
  62  6:28  SCV x2  
  62  6:31  Refinery  
  64  6:42  Marine x2  
  64  6:43  Marauder x2  
  64  6:45  Concussive Shells  
  64  6:46  SCV x2  
  72  6:49  Supply Depot  
  72  6:59  SCV x2  
  74  7:07  Marine x4  
  78  7:12  SCV x2  
  79  7:22  Command Center  
  78  7:28  SCV x2  
  76  7:30  Marine x2  
  71  7:46  Marine x2  
  70  7:55  SCV x2  
  69  8:02  Terran Infantry Armor Level 1  
  69  8:04  Marauder x2  
  73  8:07  Marine x2  
  73  8:09  Barracks  
  73  8:10  Medivac x2, Barracks  
  79  8:14  SCV x2  
  81  8:21  Widow Mine x2  
  81  8:26  SCV x2  
  87  8:27  Supply Depot  
  87  8:28  Supply Depot  
  87  8:31  Marine x2  
  87  8:33  Marauder  
  87  8:34  Marauder  
  91  8:39  Orbital Command  
  91  8:42  SCV x2  
  91  8:45  Refinery  
  93  8:51  Widow Mine x2  
  93  8:53  Marine x2  
  93  8:54  Medivac x2  
  103  8:56  SCV x2  
  103  8:59  Barracks Reactor, Barracks Tech Lab  
  103  9:00  Marauder x2  
  109  9:08  SCV x2  
  109  9:09  SCV  
  112  9:13  Supply Depot  
  112  9:14  Supply Depot  
  112  9:15  Marine x2  
  114  9:20  SCV x2  
  114  9:21  SCV  
  114  9:22  Marauder x2  
  114  9:23  Marauder  
  109  9:34  SCV x2  
  109  9:36  Marine  
  109  9:37  Marine x3  
  101  9:39  SCV  
  101  9:44  Medivac x2, Marauder x2  
  107  9:46  SCV  
  107  9:52  Armory, Engineering Bay  
  108  9:59  Liberator x2  
  108  10:01  SCV x2  
  111  10:07  Refinery, SCV  
  111  10:08  Refinery  
  111  10:13  Starport, SCV x2, Supply Depot  
  117  10:22  Marine x4  
  117  10:24  Marauder x2  
  123  10:42  Marine x3  
  117  10:43  Marauder, Marine  
  117  10:45  Marauder  
  117  10:46  Marauder  
  68  11:02  Marine x4  
  63  11:05  Marauder  
  59  11:11  Liberator x2  
  61  11:36  Marine x4  
Tags
 
Add a new tag
Caveats
  • Supply blocks, unpowered buildings, or Contaminate may cause inaccurate times.
  • Supply counts are checked every 10 seconds.